 Dungeon Crawl Stone Soup version 0.31.0-11-ge490571c62 (webtiles) character file.

Game seed: 15731425444053029535

1283 Ashen the Sneak (level 8, -2/58 HPs)
             Began as a Gnoll Enchanter on Feb 3, 2024.
             Killed from afar by Maggie (19 damage)
             ... with a bolt of fire
             ... on level 6 of the Dungeon.
             The game lasted 00:10:46 (5089 turns).

Ashen the Sneak (Gnoll Enchanter)                   Turns: 5089, Time: 00:10:46

Health: -2/58      AC:  6    Str:  8    XL:     8   Next: 55%
Magic:  12/17      EV: 14    Int: 15    God:
Gold:   212        SH:  0    Dex: 14    Spells: 8/19 levels left

rFire   . . .        y - +1 dagger (speed)
rCold   . . .        (no shield)
rNeg    . . .        b - +0 robe
rPois   .            f - +1 helmet
rElec   .            u - +1 cloak {Stlth+}
rCorr   +            (no gloves)
SInv    .            (no boots)
Will    .....        (no amulet)
Stlth   ++++         m - ring of resist corrosion
HPRegen 0.29/turn    (no ring)
MPRegen 0.15/turn

%: no passive effects
@: no status effects
A: fangs 1, strong nose, distributed training
a: no special abilities


You were on level 6 of the Dungeon.
You visited 1 branch of the dungeon, and saw 6 of its levels.

You collected 212 gold pieces.

Inventory:

Hand Weapons
 y - a +1 dagger of speed (weapon)
Armour
 b - a +0 robe (worn)
 f - a +1 helmet (worn)
 u - a +1 cloak of stealth (worn)
Jewellery
 a - a +6 ring of dexterity
 m - a ring of resist corrosion (left hand)
Wands
 o - a wand of flame (10)
Scrolls
 d - 5 scrolls of enchant armour {unknown}
 e - 2 scrolls of noise {unknown}
 g - 4 scrolls of enchant weapon {unknown}
 h - 4 scrolls of fear {unknown}
 l - 2 scrolls of amnesia {unknown}
 n - a scroll of teleportation {unknown}
 q - 3 scrolls of poison {unknown}
 s - 4 scrolls of identify {unknown}
 t - 2 scrolls of torment {unknown}
 v - a scroll of brand weapon {unknown}
 x - a scroll of revelation {unknown}
 z - a scroll of fog {unknown}
Potions
 c - 4 potions of invisibility
 i - 2 potions of curing {unknown}
 j - 2 potions of haste {unknown}
 k - 6 potions of lignification {unknown}
 p - a potion of heal wounds {unknown}
 r - a potion of attraction {unknown}
 w - a potion of enlightenment {unknown}


   Skills:
 + Level 3.5 Fighting
 + Level 4.4 Short Blades
 + Level 3.5 Long Blades
 + Level 3.5 Axes
 + Level 3.5 Maces & Flails
 + Level 3.5 Polearms
 + Level 3.5 Staves
 + Level 3.5 Ranged Weapons
 + Level 3.5 Throwing
 + Level 3.5 Armour
 + Level 5.8 Dodging
 + Level 7.0 Stealth
 + Level 3.5 Shields
 + Level 3.5 Unarmed Combat
 + Level 6.1 Spellcasting
 + Level 2.8 Conjurations
 + Level 6.2 Hexes
 + Level 2.8 Summonings
 + Level 2.8 Necromancy
 + Level 2.8 Translocations
 + Level 2.8 Fire Magic
 + Level 2.8 Ice Magic
 + Level 2.8 Air Magic
 + Level 2.8 Earth Magic
 + Level 2.8 Alchemy
 + Level 3.8 Invocations
 + Level 3.5 Evocations
 + Level 3.1 Shapeshifting


You had 8 spell levels left.
You knew the following spells:

 Your Spells              Type           Power      Damage    Failure   Level
a - Ensorcelled Hibernat  Hex/Ice        36%        N/A       3%          2
b - Confusing Touch       Hex            23%        N/A       3%          3
c - Tukima's Dance        Hex            23%        N/A       3%          3
d - Dazzling Flash        Conj/Hex       36%        N/A       7%          3

Your spell library contained the following spells:

 Spells                   Type           Power      Damage    Failure   Level
 Ozocubu's Armour         Ice            13%        N/A       13%         3
 Metabolic Englaciation   Hex/Ice        9%         N/A       52%         5
 Sculpt Simulacrum        Ice/Alch       6%         N/A       100%        6


Dungeon Overview and Level Annotations

Branches:
Dungeon (6/15)
 Temple: D:4-7

Altars:
Cheibriados
Hepliaklqana
Makhleb
Vehumet

Annotations:
D:6 Maggie


Innate Abilities, Weirdness & Mutations

You have very sharp teeth.
Your uncanny sense of smell can sniff out nearby items.
Your experience applies equally to all skills.


Message History

You hear an angry growl.
You hear a shout!
An orc wizard comes into view. It is wielding a +0 dagger.
An orc comes into view. It is wielding a +0 short sword.
The helpless Maggie fails to defend herself.
You impale Maggie!!
Maggie is heavily wounded.
Maggie points at you and mumbles some strange words.
The bolt of fire hits you!
A black bear comes into view.
Casting: Ensorcelled Hibernation (safe; 3% risk of failure)
Confirm with . or Enter, or press ? or * to list all spells.
Your hands begin to glow red.
Maggie hits you with a +1 broad axe of flaming!
Maggie burns you. Maggie casts a spell at you. The bolt of fire hits you!
* * * LOW HITPOINT WARNING * * *
The orc hits you but does no damage.
You hit the orc but do no damage.
The orc appears confused.
You hit the orc.
The orc is heavily wounded.
The shadow imp closely misses you.
Maggie mumbles some strange words.
Maggie attempts to bespell you! You resist with almost no effort.
The orc barely misses you.
The orc misses the orc.
An orc comes into view. It is wielding a +0 sling.
The orc wizard casts a spell.
The orc wizard flickers and vanishes!
Deactivating autopickup; reactivate with Ctrl-A.
You barely miss the orc.
The orc is heavily wounded.
You barely miss the orc.
The orc is heavily wounded.
The shadow imp misses you. The orc hits you with a +0 hand axe.
* * * LOW HITPOINT WARNING * * *
Maggie gestures at you while chanting.
The bolt of fire hits the shadow imp!!
The shadow imp dies!
The bolt of fire hits you!!
You die...

..#........##...........#
#.#. #...#.####..######.#
.(..#...#.####..# #.#
###h.#...........# #.#
.........>..###[## #.#
#.............# #..
#...@.....###.# ##.
##..o..#### #.# #.
#.:.o@# ∆ .># #. #...oo#
### #( #..#... #.
#../..... #. ...........∆
.. ###........(.
###......o.# ##.......#


You could see Maggie, a black bear and 5 orcs.

Vanquished Creatures
  A black bear (D:6)
  2 phantoms (D:4)
  A bullfrog (D:6)
  2 scorpions
  A water moccasin zombie (D:4)
  A howler monkey (D:5)
  A bombardier beetle (D:4)
  4 jellies
  2 orc priests (D:4)
  A hound (D:6)
  Crazy Yiuf (D:2)
  2 iguanas (D:6)
  A sleepcap (D:4)
  3 orc wizards
  A scorpion zombie (D:4)
  A hound zombie (D:4)
  A howler monkey zombie (D:4)
  A howler monkey skeleton (D:4)
  3 gnolls (D:6)
  7 adders
  2 ufetubi (D:5)
  An adder zombie (D:4)
  An adder skeleton (D:4)
  5 dart slugs
  A ribbon worm (D:5)
  13 orcs
  3 endoplasms
  7 giant cockroaches
  9 goblins
  8 hobgoblins
  3 quokkas
  5 ball pythons
  15 bats
  4 frilled lizards
  10 kobolds
  5 rats
129 creatures vanquished.

Vanquished Creatures (others)
  A shadow imp (D:6)
1 creature vanquished.

Grand Total: 130 creatures vanquished

Notes
Turn   | Place    | Note
-------+----------+-------------------------------------------
     0 | D:1      | Ashen the Gnoll Enchanter began the quest for the Orb.
     0 | D:1      | Reached XP level 1. HP: 13/13 MP: 6/6
   104 | D:1      | Reached XP level 2. HP: 11/20 MP: 7/7
   294 | D:1      | Reached skill level 5 in Spellcasting
   294 | D:1      | Reached XP level 3. HP: 25/25 MP: 7/9
   362 | D:1      | Reached skill level 6 in Stealth
   407 | D:1      | Reached skill level 1 in Invocations
   688 | D:1      | Learned a level 2 spell: Ensorcelled Hibernation
   692 | D:1      | Learned a level 3 spell: Confusing Touch
   696 | D:1      | Learned a level 3 spell: Tukima's Dance
   700 | D:1      | Learned a level 3 spell: Dazzling Flash
   711 | D:2      | Reached skill level 1 in Fighting
   711 | D:2      | Reached skill level 1 in Long Blades
   711 | D:2      | Reached skill level 1 in Axes
   711 | D:2      | Reached skill level 1 in Maces & Flails
   711 | D:2      | Reached skill level 1 in Polearms
   711 | D:2      | Reached skill level 1 in Staves
   711 | D:2      | Reached skill level 1 in Ranged Weapons
   711 | D:2      | Reached skill level 1 in Throwing
   711 | D:2      | Reached skill level 1 in Armour
   711 | D:2      | Reached skill level 1 in Shields
   711 | D:2      | Reached skill level 1 in Unarmed Combat
   711 | D:2      | Reached skill level 1 in Evocations
   942 | D:2      | Reached skill level 1 in Shapeshifting
   942 | D:2      | Reached XP level 4. HP: 32/32 MP: 11/11
   957 | D:2      | Found a runed translucent door.
   958 | D:2      | Noticed Crazy Yiuf
  1413 | D:2      | Killed Crazy Yiuf
  1414 | D:2      | Reached skill level 1 in Conjurations
  1414 | D:2      | Reached skill level 1 in Summonings
  1414 | D:2      | Reached skill level 1 in Necromancy
  1414 | D:2      | Reached skill level 1 in Translocations
  1414 | D:2      | Reached skill level 1 in Fire Magic
  1414 | D:2      | Reached skill level 1 in Ice Magic
  1414 | D:2      | Reached skill level 1 in Air Magic
  1414 | D:2      | Reached skill level 1 in Earth Magic
  1414 | D:2      | Reached skill level 1 in Alchemy
  1621 | D:3      | Found a snail-covered altar of Cheibriados.
  1635 | D:3      | Found a hazy altar of Hepliaklqana.
  2016 | D:3      | Reached XP level 5. HP: 31/37 MP: 3/12
  2637 | D:4      | Reached XP level 6. HP: 44/44 MP: 8/13
  2641 | D:4      | Reached skill level 5 in Dodging
  2774 | D:4      | Reached XP level 7. HP: 31/51 MP: 3/15
  3054 | D:4      | HP: 2/51 [acid (2)]
  3582 | D:4      | Found a radiant altar of Vehumet.
  3795 | D:4      | Reached XP level 8. HP: 58/58 MP: 13/16
  3953 | D:5      | Entered Level 5 of the Dungeon
  4372 | D:5      | Found a burning altar of Makhleb.
  4887 | D:6      | Reached skill level 7 in Stealth
  5076 | D:6      | Noticed Maggie
  5089 | D:6      | Killed from afar by Maggie

Illustrated notes

Levels and vault maps discovered:
D:1:      sevenhm_arrival_forest_fort_large_2, layout_rooms
D:2:      wander_river, layout_rooms, uniq_crazy_yiuf_cottage
D:3:      layout_loops_ring, mainiacjoe_overflow_catwalk_spiral,
          mainiacjoe_sewer_entry_somewhere_in_here_2
D:4:      layout_cave_pools, mainiacjoe_overflow_24_doors, serial_undead,
          serial_undead_e, serial_undead_d, serial_undead_f, serial_undead_a,
          chequers_mini_garden, dreamdust_princess_bridge, roderic_batcave
D:5:      layout_loops_cross, mainiacjoe_overflow_tiny_flanked
D:6:      layout_loops_ring, mainiacjoe_overflow_cross_hatched, serial_shops,
          shop, corexii_item_surrounded_by_moat, uniq_maggie

Skill      XL: |  1  2  3  4  5  6  7  8 |
---------------+-------------------------+-----
Spellcasting   | 5 6 |  6.1
Stealth        | 6 7 |  7.0
Invocations    | 1 2 3 |  3.8
Fighting       | 1 2 3 |  3.5
Long Blades    | 1 2 3 |  3.5
Axes           | 1 2 3 |  3.5
Maces & Flails | 1 2 3 |  3.5
Polearms       | 1 2 3 |  3.5
Staves         | 1 2 3 |  3.5
Ranged Weapons | 1 2 3 |  3.5
Throwing       | 1 2 3 |  3.5
Armour         | 1 2 3 |  3.5
Shields        | 1 2 3 |  3.5
Unarmed Combat | 1 2 3 |  3.5
Evocations     | 1 2 3 |  3.5
Shapeshifting  | 1 2 3 |  3.1
Conjurations   | 1 2 |  2.8
Summonings     | 1 2 |  2.8
Necromancy     | 1 2 |  2.8
Translocations | 1 2 |  2.8
Fire Magic     | 1 2 |  2.8
Ice Magic      | 1 2 |  2.8
Air Magic      | 1 2 |  2.8
Earth Magic    | 1 2 |  2.8
Alchemy        | 1 2 |  2.8
Short Blades   | 3 4 |  4.4
Dodging        | 5 |  5.8
Hexes          | 6 |  6.2

Action                     |  1- 3 |  4- 6 |  7- 9 || total
---------------------------+-------+-------+-------++-------
  Melee: Dagger            |   127 |   140 |   238 ||   505
         Bite              |    14 |    15 |    27 ||    56
         Punch             |     2 |     1 |     2 ||     5
   Cast: Ensorcelled Hiber |     3 |    28 |    34 ||    65
         Dazzling Flash    |       |     2 |       ||     2
         Confusing Touch   |       |     1 |    14 ||    15
   Stab: Sleeping          |    10 |    29 |    28 ||    67
         Distracted        |     2 |       |       ||     2
         Confused          |       |     2 |     9 ||    11
         Invisible         |       |     2 |       ||     2
 Armour: Robe              |    53 |    60 |   117 ||   230
  Dodge: Dodged            |    72 |    72 |   127 ||   271
